Map: Vigía EE

Players

MinG

  • Race: Zerg Zerg
  • League: Gold
  • Spawn Location: 9:00

mintyfloss

  • Race: Protoss Protoss
  • Spawn Location: 9:00

sevenonethre

  • Race: Terran Terran
  • Spawn Location: 12:00

TATORREA

  • Race: Protoss Protoss
  • League: Gold
  • Spawn Location: 5:00

tigro

  • Race: Terran Terran
  • League: Bronze
  • Spawn Location: 6:00

MrFercho

  • Race: Zerg Zerg
  • League: Silver
  • Spawn Location: 5:00

VOD

Have the link to the VOD?

Description

Time

  • Played on: June 30, 2020, 10:59 p.m.
  • Length: 23:08
Show
View Real Time Build Order
Export as new Build Order

MinG Zerg 

Build Orders: Pool First, Muta Ling Bane 

Get SALT Encoding   

  12  0:01  Drone  
  13  0:09  Drone  
  14  0:18  Overlord  
  14  0:35  Spawning Pool  
  13  0:38  Extractor  
  13  0:41  Drone  
  13  0:45  Drone  
  13  0:49  Drone  
  15  0:57  Drone  
  15  1:04  Drone  
  17  1:15  Drone  
  18  1:29  Hatchery  
  17  1:33  Drone  
  18  1:40  Metabolic Boost  
  18  1:47  Drone  
  19  2:00  Queen  
  21  2:04  Overlord  
  21  2:11  Drone  
  22  2:24  Zergling x2  
  22  2:25  Zergling x2  
  24  2:36  Queen  
  26  2:37  Drone  
  26  2:43  Zergling x4  
  29  2:57  Zergling x4  
  31  3:14  Overlord  
  31  3:18  Extractor  
  31  3:19  Drone x3  
  33  3:20  Drone  
  33  3:25  Overlord  
  34  3:36  Zergling x6  
  34  3:37  Zergling x2  
  38  3:47  Zergling x2  
  38  3:48  Zergling x10  
  44  4:13  Hatchery  
  43  4:17  Zergling x10  
  43  4:19  Zergling x2  
  49  4:33  Overlord  
  49  4:41  Zergling x2  
  49  4:42  Zergling x4  
  49  4:44  Overlord  
  49  5:08  Drone x4  
  49  5:09  Drone x2  
  38  5:43  Zergling x4  
  38  5:44  Zergling x8  
  41  6:03  Lair  
  39  6:08  Baneling Nest  
  39  6:10  Drone x3  
  41  6:18  Drone x6  
  44  6:22  Extractor  
  44  6:25  Extractor  
  45  6:42  Drone  
  45  6:43  Drone x7  
  52  7:01  Drone  
  52  7:02  Drone x2  
  52  7:06  Centrifical Hooks  
  55  7:09  Drone x2  
  55  7:10  Spire  
  56  7:31  Zergling x10  
  59  7:52  Overlord x2  
  59  7:55  Overlord x3  
  55  8:17  Zergling x12  
  60  8:49  Mutalisk x6  
  60  8:52  Baneling  
  60  8:53  Baneling x18  
  72  9:01  Hatchery  
  71  9:08  Extractor x2  
  61  9:21  Mutalisk x11  
  76  9:49  Mutalisk  
  76  9:50  Mutalisk x3  
  76  9:51  Overlord  
  84  10:01  Overlord x3  
  83  10:13  Mutalisk  
  83  10:14  Mutalisk x2  
  83  10:16  Drone  
  83  10:17  Drone x5  
  83  10:18  Drone  
  74  10:37  Mutalisk  
  74  10:38  Mutalisk  
  76  11:09  Drone x8  
  76  11:10  Drone  
  76  11:11  Drone x2  
  87  11:21  Spire  
  85  11:43  Drone x3  
  88  11:54  Hatchery  
  88  11:59  Drone x3  
  90  12:30  Drone x2  
  90  12:33  Mutalisk  
  90  12:34  Mutalisk x5  
  104  12:37  Mutalisk  
  104  12:38  Mutalisk x3  
  112  12:46  Drone x2  
  112  12:49  Zerg Flyer Weapons Level 1  
  114  13:14  Drone x5  
  114  13:15  Drone x4  
  117  14:15  Mutalisk x9  
  129  14:54  Mutalisk x2  
  129  14:55  Mutalisk x7  
  131  15:44  Hatchery  
  131  15:48  Mutalisk  
  131  15:49  Mutalisk x8  
  130  16:38  Extractor  
  129  16:40  Mutalisk  
  129  16:41  Extractor, Mutalisk x8  
  142  17:11  Mutalisk  
  142  17:12  Mutalisk x5  
  150  18:03  Drone x3  
  153  18:11  Mutalisk x5  
  163  18:14  Overlord  
  163  18:15  Overlord  
  163  18:16  Overlord x2  
  163  18:28  Zerg Flyer Weapons Level 2  
  156  20:02  Mutalisk x5  
  158  20:15  Overseer  
  158  20:16  Overlord x3  
  158  20:21  Drone x3  
  161  20:44  Zerg Flyer Armor Level 1  
  147  22:32  Mutalisk x5  
Show
View Real Time Build Order
Export as new Build Order

mintyfloss Protoss 

Build Orders:  

Get SALT Encoding   

  12  0:01  Probe  
  13  0:14  Probe  
  14  0:25  Pylon  
  14  0:28  Probe  
  15  0:33  Assimilator  
  15  0:43  Probe  
  15  0:49  Gateway  
  16  0:58  Probe  
  17  1:06  Gateway  
  17  1:10  Probe  
  18  1:22  Probe  
  19  1:34  Pylon, Probe  
  19  1:37  Assimilator  
  20  1:50  Cybernetics Core  
  20  1:57  Gateway  
  20  2:00  Probe  
  21  2:04  Zealot  
  23  2:11  Zealot  
  23  2:12  Probe  
  26  2:29  Warp Gate  
  26  2:30  Twilight Council  
  28  2:37  Zealot  
  28  2:38  Zealot  
  28  2:39  Charge  
  30  2:53  Pylon  
  30  3:05  Pylon  
  30  3:11  Zealot  
  32  3:17  Zealot  
  34  3:20  Zealot  
  36  3:36  Pylon  
  36  3:40  Pylon  
  36  3:43  Zealot  
  38  3:59  Zealot  
  38  4:00  Zealot  
  42  4:06  Gateway  
  42  4:19  Stalker  
  44  4:26  Pylon  
  32  5:11  Zealot  
  32  5:12  Zealot  
  32  5:13  Zealot  
  36  5:14  Stalker  
  38  5:34  Zealot x2  
  42  5:35  Zealot  
  42  5:37  Stalker  
  46  5:58  Forge  
  46  6:01  Stargate  
  46  6:02  Pylon  
  46  6:05  Blink  
  43  6:54  Nexus  
  43  7:40  Zealot  
  44  8:04  Stalker  
  44  8:05  Stalker, Nexus  
  48  8:07  Stalker  
  48  8:26  Pylon  
  48  8:29  Pylon  
  48  8:53  Photon Cannon  
  33  9:18  Zealot x2  
  33  9:19  Zealot  
  29  9:44  Zealot  
  25  9:45  Zealot  
  25  9:47  Zealot x2  
  27  10:05  Probe  
  26  10:17  Probe  
  26  10:21  Zealot  
  29  10:29  Probe  
  30  10:41  Probe  
  31  10:45  Pylon  
  31  10:47  Pylon  
  31  10:50  Gateway  
  31  10:53  Probe  
  31  10:55  Photon Cannon  
  32  10:58  Photon Cannon  
  31  11:05  Probe  
  32  11:17  Zealot  
  32  11:18  Probe, Zealot  
  33  11:19  Zealot  
  33  11:20  Zealot  
  39  11:30  Probe  
  42  11:42  Probe  
  41  11:49  Zealot  
  41  11:52  Zealot  
  44  12:12  Protoss Ground Weapons Level 1  
  44  12:26  Probe  
  45  12:38  Probe  
  46  12:50  Probe  
  47  12:51  Nexus  
  47  12:56  Assimilator  
  47  13:01  Assimilator  
  47  13:02  Probe  
  48  13:14  Probe  
  48  13:17  Pylon  
  48  13:19  Pylon  
  49  13:23  Pylon  
  49  13:26  Probe  
  50  13:38  Probe  
  51  13:42  Photon Cannon  
  51  13:44  Photon Cannon  
  51  13:45  Photon Cannon  
  51  13:50  Probe  
  51  13:54  Stalker  
  54  14:03  Probe  
  55  14:11  Stalker  
  55  14:12  Zealot  
  55  14:13  Zealot  
  55  14:14  Zealot  
  55  14:15  Probe  
  64  14:27  Probe  
  65  14:39  Probe  
  65  14:40  Probe  
  63  14:52  Probe  
  64  14:54  Stalker x2  
  64  14:55  Zealot  
  64  14:56  Zealot  
  64  14:57  Zealot  
  64  14:59  Protoss Ground Weapons Level 2  
  74  15:04  Probe  
  75  15:16  Probe  
  76  15:29  Probe  
  77  15:41  Probe  
  72  15:45  Zealot  
  72  15:46  Zealot  
  72  15:48  Stalker  
  72  15:49  Stalker  
  66  15:50  Stalker  
  66  15:53  Probe  
  66  15:55  Probe  
  66  15:56  Pylon  
  70  16:07  Probe  
  70  16:08  Pylon  
  71  16:17  Pylon  
  71  16:19  Probe  
  71  16:21  Probe  
  73  16:31  Probe  
  74  16:33  Probe  
  75  16:43  Probe  
  75  16:45  Probe  
  77  16:56  Probe  
  77  16:57  Probe  
  79  17:08  Probe  
  80  17:09  Probe, Zealot  
  80  17:11  Zealot  
  80  17:12  Zealot  
  80  17:13  Stalker  
  80  17:14  Stalker  
  89  17:26  Probe  
  82  17:32  Protoss Shields Level 1  
  82  17:33  Probe  
  67  17:38  Probe  
  67  17:43  Zealot  
  70  17:45  Probe  
  70  17:49  Void Ray  
  70  17:50  Probe  
  76  17:57  Probe  
  77  18:01  Fleet Beacon  
  77  18:02  Probe  
  77  18:03  Stargate  
  78  18:09  Probe  
  79  18:14  Probe  
  79  18:19  Stargate  
  80  18:21  Probe  
  81  18:46  Stargate  
  81  18:48  Unknown  
  81  18:49  Stargate  
  81  18:50  Void Ray  
  84  18:59  Zealot x2  
  84  19:00  Zealot  
  84  19:01  Zealot  
  84  19:02  Zealot  
  61  19:30  Zealot  
  61  19:31  Zealot  
  61  19:32  Zealot  
  61  19:33  Zealot  
  61  19:34  Zealot  
  67  19:50  Void Ray x2  
  67  19:51  Void Ray  
  67  19:52  Void Ray  
  77  19:59  Zealot  
  79  20:00  Zealot  
  79  20:01  Zealot  
  79  20:02  Zealot  
  79  20:03  Zealot  
  87  20:30  Void Ray  
  87  20:32  Void Ray  
  87  20:33  Void Ray  
  87  20:34  Void Ray  
  87  20:35  Void Ray  
  107  20:38  Protoss Air Weapons Level 1  
  99  20:52  Zealot  
  99  20:53  Stalker  
  99  20:54  Stalker x2  
  99  20:56  Stalker  
  99  21:17  Void Ray  
  99  21:18  Void Ray  
  107  21:23  Pylon  
  107  21:24  Pylon  
  107  21:26  Pylon  
  107  21:28  Pylon  
  107  21:29  Pylon  
  107  21:31  Pylon  
  107  21:33  Pylon  
  107  21:34  Pylon  
  107  21:43  Assimilator  
  107  21:49  Void Ray  
  111  21:54  Void Ray  
  111  21:57  Void Ray  
  111  22:00  Void Ray  
  123  22:01  Void Ray  
Show
View Real Time Build Order
Export as new Build Order

sevenonethre Terran 

Build Orders:  

Get SALT Encoding   

  12  0:02  SCV  
  13  0:16  Supply Depot  
  13  0:19  SCV  
  14  0:40  Barracks, Refinery  
  14  0:42  SCV  
  15  1:10  Barracks  
  15  1:20  SCV  
  15  1:24  Refinery  
  16  1:28  Barracks Reactor  
  16  1:33  Supply Depot  
  16  1:41  Orbital Command  
  16  1:57  Engineering Bay  
  16  2:00  Barracks Reactor  
  17  2:08  SCV  
  17  2:12  Marine  
  17  2:13  Marine  
  19  2:21  SCV  
  20  2:27  Terran Infantry Armor Level 1  
  20  2:33  Marine  
  20  2:36  Marine  
  22  2:41  Marine  
  23  2:44  SCV  
  23  2:50  Marine  
  25  2:52  Marine  
  26  2:58  Marine  
  26  3:00  SCV  
  28  3:06  Marine  
  28  3:10  Marine  
  28  3:12  SCV  
  31  3:28  Supply Depot  
  31  3:29  Marine x2  
  33  3:36  Marine  
  33  3:37  Marine  
  33  3:40  SCV  
  36  3:54  Marine x3  
  39  4:22  Terran Infantry Weapons Level 1  
  5  5:11  SCV  
  1  5:23  SCV  
  2  5:35  SCV  
  3  5:52  Command Center  
  4  5:57  SCV  
  4  6:18  SCV  
  3  6:46  SCV  
  2  7:23  SCV  
  3  7:45  SCV  
  4  8:03  SCV  
  5  8:16  Marine  
  6  8:26  SCV  
  7  8:39  Marine  
  8  8:45  SCV  
  9  9:11  SCV  
  10  9:23  SCV  
  9  9:50  SCV  
  10  10:01  Marine  
  10  10:02  SCV  
  12  10:14  SCV  
  12  10:19  Marine  
  14  10:22  Marine x2  
  14  10:26  SCV  
  17  10:37  Marine  
  17  10:40  Marine x2  
  20  10:54  Orbital Command  
  20  10:55  Marine  
  21  10:57  Marine  
  21  10:58  Marine  
  23  11:13  Marine  
  23  11:15  Marine x2  
  26  11:19  SCV  
  27  11:30  Marine  
  27  11:31  SCV  
  29  11:33  Marine x2  
  31  11:41  Refinery  
  31  11:43  SCV  
  32  11:48  Marine  
  32  11:51  Marine x2  
  35  11:55  SCV  
  35  12:01  Bunker  
  36  12:08  Bunker, SCV x2  
  38  12:20  SCV  
  39  12:26  Barracks Reactor  
  39  12:33  SCV  
  39  12:34  SCV  
  41  12:42  Factory  
  41  12:45  Marine x2, SCV  
  41  12:46  SCV  
  45  12:57  SCV  
  46  12:58  SCV  
  47  13:07  Supply Depot  
  47  13:17  Marine x4  
  51  13:30  SCV  
  52  13:35  Marine x2  
  52  13:36  Refinery  
  52  13:37  SCV  
  52  13:39  Bunker  
  55  13:42  SCV  
  55  13:43  Refinery  
  56  13:50  Factory Tech Lab, SCV  
  56  13:54  SCV  
  58  13:56  Starport  
  58  14:02  SCV  
  59  14:14  SCV  
  56  14:55  Bunker  
  56  15:00  Starport Reactor  
  56  15:03  Armory, Siege Tank  
  56  15:04  Marine x4  
  63  15:11  Armory  
  63  15:22  Marine x4  
  67  15:33  Factory x2  
  67  15:35  Siege Tank  
  67  15:42  Orbital Command  
  70  16:05  Refinery  
  70  16:27  Supply Depot  
  70  16:28  Supply Depot  
  70  16:32  Terran Infantry Weapons Level 2  
  70  16:34  Command Center  
  70  16:49  Medivac x2, Marine x4  
  70  16:50  Command Center, SCV  
  70  16:51  Supply Depot  
  79  17:02  SCV  
  79  17:03  Factory Tech Lab  
  79  17:04  Factory Tech Lab  
  79  17:07  Marine x4  
  84  17:22  Refinery  
  83  17:23  Refinery  
  83  17:24  Marine x4  
  83  17:26  SCV  
  88  17:34  Missile Turret  
  88  17:38  SCV  
  92  17:44  Siege Tank  
  92  17:49  Supply Depot  
  92  17:50  SCV  
  93  17:53  Supply Depot  
  93  17:55  Missile Turret, SCV  
  94  18:02  Siege Tank x2  
  100  18:07  SCV  
  101  18:16  SCV  
  101  18:24  Marine x2  
  103  18:35  Siege Tank  
  106  18:48  Planetary Fortress  
  69  19:32  Marine x4  
  69  19:34  Siege Tank x3  
  75  19:49  Marine x4  
  69  20:07  Marine x4  
  73  20:25  Marine x4  
  77  20:42  Siege Tank x2  
  83  20:43  Marine x4  
  87  21:01  Marine x4  
  91  21:12  SCV  
  92  21:18  Marine x4  
  96  21:36  Marine x4  
  100  21:54  Marine x3  
Show
View Real Time Build Order
Export as new Build Order

TATORREA Protoss 

Build Orders:  

Get SALT Encoding   

  12  0:01  Probe  
  13  0:13  Probe  
  14  0:21  Pylon  
  14  0:25  Probe  
  15  0:39  Gateway, Probe  
  16  0:59  Probe  
  17  1:04  Assimilator  
  17  1:07  Probe  
  17  1:09  Pylon  
  17  1:15  Probe  
  19  1:26  Probe  
  20  1:33  Cybernetics Core  
  20  1:35  Gateway  
  20  1:38  Probe  
  21  1:50  Probe  
  21  1:54  Assimilator  
  22  1:57  Pylon  
  22  2:02  Probe  
  23  2:14  Warp Gate  
  23  2:24  Nexus  
  23  2:28  Probe  
  23  2:30  Pylon  
  23  2:37  Probe  
  25  2:45  Stalker  
  25  2:49  Probe  
  27  2:55  Stalker  
  30  3:01  Probe  
  31  3:09  Robotics Facility  
  31  3:13  Probe  
  31  3:16  Sentry  
  34  3:25  Stalker, Probe  
  37  3:36  Probe  
  37  3:38  Probe  
  39  3:49  Probe  
  39  3:51  Observer  
  39  3:52  Probe  
  41  4:02  Probe  
  43  4:08  Immortal  
  43  4:11  Stalker, Assimilator  
  43  4:12  Stalker  
  43  4:13  Assimilator  
  51  4:18  Probe x2  
  47  4:42  Stalker x2  
  42  4:59  Probe x2  
  31  5:04  Immortal  
  28  5:07  Stalker  
  28  5:11  Probe x2  
  28  5:42  Probe x2  
  30  5:50  Probe x2  
  32  6:00  Stalker x2  
  36  6:09  Probe  
  36  6:10  Probe  
  38  6:19  Probe x2  
  40  6:27  Probe  
  40  6:29  Probe  
  41  6:34  Gateway  
  41  6:36  Gateway  
  41  6:38  Probe  
  42  6:40  Probe  
  44  6:51  Probe  
  44  6:52  Probe  
  46  7:00  Stalker  
  46  7:01  Stalker  
  50  7:03  Probe  
  50  7:04  Probe  
  52  7:16  Immortal  
  52  7:18  Probe  
  57  7:32  Probe  
  57  7:33  Probe  
  59  7:44  Probe  
  59  7:45  Probe  
  61  8:00  Pylon  
  61  8:03  Pylon, Probe  
  62  8:07  Pylon  
  62  8:15  Pylon  
  62  8:18  Probe  
  62  8:19  Pylon  
  63  8:22  Pylon  
  63  8:27  Probe  
  63  8:30  Probe  
  63  8:33  Nexus  
  65  8:36  Pylon  
  65  8:39  Pylon, Probe  
  66  8:43  Probe  
  66  8:46  Stalker x2  
  71  8:51  Probe  
  72  8:57  Probe  
  73  9:03  Probe  
  73  9:07  Stalker x2  
  78  9:11  Sentry  
  78  9:12  Probe  
  78  9:15  Probe  
  82  9:24  Probe  
  82  9:27  Probe  
  84  9:36  Probe  
  85  9:39  Probe  
  85  9:45  Sentry x4  
  90  9:48  Probe x2  
  90  9:52  Probe  
  97  9:55  Immortal  
  97  9:59  Pylon  
  101  10:00  Probe  
  101  10:01  Probe  
  101  10:02  Pylon  
  101  10:04  Probe  
  101  10:05  Pylon  
  104  10:09  Pylon  
  104  10:12  Probe  
  104  10:13  Probe  
  106  10:14  Pylon  
  106  10:16  Probe  
  106  10:17  Assimilator  
  106  10:20  Nexus  
  107  10:22  Assimilator, Pylon  
  107  10:23  Pylon  
  107  10:34  Forge  
  107  10:36  Forge  
  107  10:37  Forge  
  107  10:41  Probe x3  
  110  10:53  Probe x3  
  113  11:05  Probe x3  
  113  11:09  Gateway  
  116  11:12  Gateway  
  116  11:14  Gateway  
  116  11:16  Gateway  
  116  11:19  Gateway  
  116  11:22  Gateway  
  116  11:24  Gateway  
  116  11:36  Probe x3  
  116  11:37  Nexus  
  116  11:39  Pylon  
  119  11:41  Stalker x2  
  119  11:42  Stalker, Pylon  
  119  11:43  Stalker  
  127  11:48  Probe x3  
  130  11:55  Protoss Ground Armor Level 1, Protoss Ground Weapons Level 1, Protoss Shields Level 1  
  130  12:00  Probe x3  
  133  12:09  Stalker, Assimilator  
  133  12:10  Stalker x3  
  133  12:11  Stalker x2  
  133  12:12  Assimilator  
  145  12:25  Twilight Council  
  145  12:28  Immortal  
  149  12:35  Stalker x4  
  149  12:36  Stalker  
  159  12:59  Gateway  
  159  13:00  Gateway  
  159  13:02  Gateway  
  159  13:04  Gateway  
  159  13:07  Gateway  
  159  13:08  Gateway  
  159  13:10  Blink  
  159  13:13  Assimilator  
  159  13:17  Assimilator  
  159  13:23  Stalker x2  
  159  13:24  Stalker x4  
  159  13:25  Stalker x3  
  167  13:35  Stalker x2  
  166  13:47  Stalker  
  166  13:48  Stalker x4  
  147  13:49  Stalker x2  
  147  13:52  Stalker  
  147  13:53  Stalker  
  159  14:04  Stalker x2  
  159  14:05  Stalker x2  
  159  14:06  Stalker  
  169  14:19  Stalker x4  
  165  14:27  Probe x2  
  165  14:28  Probe x2  
  169  14:39  Probe  
  155  14:47  Probe x2  
  155  14:48  Probe  
  155  14:51  Probe  
  156  14:59  Probe  
  158  15:00  Probe x2  
  158  15:04  Probe  
  160  15:11  Probe  
  160  15:12  Probe x2  
  163  15:16  Probe  
  164  15:22  Stalker x2  
  164  15:27  Probe x3  
  164  15:39  Probe x3  
  164  15:40  Probe  
  168  15:51  Probe x3  
  168  15:52  Probe  
  154  16:12  Probe  
  154  16:13  Probe x3  
  158  16:24  Probe  
  158  16:25  Probe x2  
  152  16:27  Stalker x3  
  156  16:50  Stalker x2  
  156  16:52  Probe x2  
  162  16:54  Probe  
  159  17:34  Probe x2  
  159  17:35  Probe x2  
  161  17:46  Probe x2  
  161  17:47  Probe x2  
  157  18:13  Cybernetics Core  
  157  18:14  Gateway  
  157  18:20  Protoss Ground Weapons Level 2  
  157  18:21  Protoss Shields Level 2, Protoss Ground Armor Level 2  
  157  18:41  Probe x4  
  161  18:53  Probe x3  
  82  19:51  Stalker x2  
  82  19:52  Stalker x4  
  58  19:53  Stalker x3  
  58  19:55  Probe  
  47  20:06  Probe x3  
  50  20:18  Probe x2  
  50  20:19  Probe x2  
  54  20:30  Probe  
  54  20:31  Probe x2  
  57  20:44  Pylon  
  57  20:47  Pylon  
  57  20:54  Stalker x2  
  39  21:18  Stalker x2  
  39  21:19  Stalker x2  
  39  21:20  Stalker  
  49  21:40  Stalker x3  
  49  21:41  Stalker x2  
Show
View Real Time Build Order
Export as new Build Order

tigro Terran 

Build Orders:  

Get SALT Encoding   

  12  0:03  SCV  
  13  0:15  SCV  
  14  0:24  Supply Depot  
  14  0:27  SCV  
  15  0:34  Refinery  
  15  0:46  SCV  
  16  0:55  Barracks  
  16  1:09  SCV  
  17  1:15  Refinery  
  17  1:21  SCV  
  17  1:25  Supply Depot  
  18  1:33  SCV  
  19  1:43  Marine  
  19  1:45  SCV  
  21  1:57  SCV  
  21  2:01  Marine  
  22  2:03  Barracks  
  23  2:09  SCV  
  24  2:19  Marine  
  24  2:20  Engineering Bay  
  24  2:21  SCV  
  26  2:37  Marine  
  26  2:39  Orbital Command  
  27  2:53  Factory  
  27  2:54  Marine  
  27  2:57  Barracks Reactor  
  28  3:02  Terran Infantry Weapons Level 1  
  28  3:17  Barracks Tech Lab  
  28  3:35  Combat Shield  
  28  3:39  Factory Tech Lab  
  28  3:53  Starport  
  28  3:54  Marine x3  
  31  4:07  Siege Tank  
  34  4:11  Marine  
  34  4:12  Marine x2  
  37  4:29  Marine x2  
  37  4:30  Marine  
  40  4:54  Stimpack  
  40  4:57  Terran Infantry Armor Level 1  
  40  5:38  Marine x3  
  33  5:55  Marine  
  33  5:56  Marine x2  
  36  6:13  Marine  
  36  6:14  Marine x2  
  39  6:18  Siege Tank  
  39  6:20  Medivac  
  44  6:31  Marine x3  
  47  6:38  Command Center  
  47  7:17  Neosteel Armor  
  47  7:42  Supply Depot  
  47  7:49  Medivac, Marine, SCV  
  51  7:52  Refinery  
  51  8:01  SCV  
  51  8:05  Supply Depot  
  52  8:14  SCV  
  53  8:26  SCV  
  54  8:28  Supply Depot  
  54  8:31  SCV  
  55  8:35  Starport Tech Lab  
  55  8:38  SCV  
  56  8:43  SCV  
  57  8:55  SCV  
  57  8:57  Hi-Sec Auto Tracking  
  58  9:08  SCV  
  45  9:20  SCV  
  46  9:25  Marine  
  46  9:26  Marine x2  
  41  9:43  Marine  
  41  9:44  Marine x2  
  36  10:01  Marine x3  
  39  10:08  Medivac  
  41  10:19  Marine x3  
  44  10:37  Marine x2  
  44  10:38  Medivac  
  48  10:48  Refinery  
  44  11:28  Fusion Core  
  33  11:40  Marine x3  
  33  11:44  Medivac  
  38  11:54  SCV  
  38  11:58  Marine x3  
  42  12:06  SCV  
  43  12:16  Marine x3  
  43  12:18  Armory, SCV  
  47  12:29  Weapon Refit  
  47  12:30  SCV  
  47  12:33  Marine  
  47  12:34  Marine x2  
  47  12:35  Siege Tank  
  54  12:42  SCV  
  55  12:51  Marine  
  55  12:52  Marine x2  
  58  13:01  Battlecruiser  
  64  13:09  Marine x3  
  64  13:10  SCV  
  68  13:22  SCV  
  69  13:27  Marine x3  
  73  13:34  SCV  
  73  13:45  Marine x3  
  73  13:46  SCV  
  77  14:03  Marine x3  
  77  14:09  Rapid Reignition System  
  80  14:10  Missile Turret  
  80  14:20  Marine  
  80  14:21  Marine x2  
  59  14:38  Marine  
  33  15:17  SCV  
  34  15:27  Medivac  
  36  15:29  SCV  
  36  15:32  Marine x2  
  39  15:41  SCV  
  40  15:53  Marine x3, SCV  
  50  15:57  Battlecruiser  
  50  16:06  SCV  
  51  16:11  Marine x3  
  52  16:29  Marine x2  
  54  16:45  Marine  
  54  16:47  Marine x2  
  63  17:01  Battlecruiser  
  63  17:03  Marine  
  63  17:04  Marine  
  63  17:05  Marine  
  47  17:19  Command Center  
  47  17:20  Marine  
  47  17:22  Marine x2  
  26  17:38  Marine  
  26  17:40  Marine x2  
  25  17:56  Marine  
  25  17:58  Marine x2  
  31  18:05  Battlecruiser  
  31  18:14  Marine  
  31  18:16  Marine x2  
  34  18:32  Marine  
  34  18:34  Marine  
  36  18:42  Command Center  
  36  18:44  SCV  
  37  19:14  Marine  
  37  19:16  Marine  
  39  19:27  SCV  
  40  19:44  Medivac  
  42  19:46  Marine  
  43  19:56  Refinery  
  43  20:00  Marine x2  
  43  20:03  Marine  
  46  20:30  Marine x3  
  49  20:48  Marine x3  
  21  21:05  Marine  
  21  21:06  Marine x2  
  21  21:24  Marine  
  12  21:41  Marine  
  4  22:01  Engineering Bay, SCV  
  4  22:13  SCV  
  5  22:25  SCV  
  6  22:37  Supply Depot, SCV  
  6  22:44  Missile Turret  
  7  22:49  SCV  
  8  23:00  Supply Depot  
  8  23:05  Missile Turret  
Show
View Real Time Build Order
Export as new Build Order

MrFercho Zerg 

Build Orders: Pool First 

Get SALT Encoding   

  12  0:01  Drone  
  13  0:13  Overlord  
  13  0:25  Drone  
  14  0:32  Drone  
  15  0:41  Spawning Pool  
  14  0:53  Drone  
  14  0:54  Drone x2  
  17  1:00  Extractor  
  16  1:04  Drone  
  17  1:16  Drone  
  18  1:26  Overlord  
  18  1:30  Queen  
  20  2:00  Zergling x6  
  23  2:08  Hatchery  
  23  2:09  Metabolic Boost  
  23  2:13  Extractor, Drone  
  22  2:29  Zergling x2  
  23  2:43  Drone x2  
  25  2:47  Zergling x2  
  25  2:48  Zergling x2  
  27  3:05  Evolution Chamber  
  26  3:15  Drone x3  
  29  3:20  Zergling x6  
  32  3:33  Drone x3  
  35  3:41  Zerg Melee Weapons Level 1  
  35  3:47  Zergling x2  
  36  3:48  Overlord  
  36  3:49  Overlord x2  
  36  4:31  Zergling x12  
  37  4:52  Zergling x4  
  30  5:17  Zergling x12  
  30  5:36  Drone x2  
  30  5:37  Queen  
  34  5:50  Zerg Ground Armor Level 1  
  34  5:51  Lair, Hatchery  
  31  6:13  Baneling Nest  
  28  6:19  Zergling x2  
  28  6:20  Zergling x16  
  37  6:53  Zergling x2  
  37  6:54  Zergling x12  
  42  7:18  Drone x7  
  40  7:48  Centrifical Hooks  
  40  7:50  Zerg Melee Weapons Level 2  
  40  8:07  Evolution Chamber  
  33  8:20  Zergling x24  
  33  8:21  Zergling x16  
  52  8:28  Extractor  
  52  8:30  Extractor  
  50  8:34  Zerg Ground Armor Level 2  
  51  8:48  Zergling x8  
  51  8:49  Zergling x10  
  39  9:31  Zergling x6  
  39  9:32  Zergling x24  
  39  9:33  Zergling x2  
  45  10:18  Zergling x32  
  45  10:20  Zergling x2  
  52  10:44  Zergling x2  
  52  10:45  Zergling x16  
  55  10:57  Drone x3  
  52  11:20  Infestation Pit  
  40  11:35  Spore Crawler  
  39  11:40  Drone x5  
  39  11:41  Drone x7  
  42  12:08  Spire  
  41  12:19  Zergling x2  
  41  12:20  Zergling x4  
  44  12:52  Hatchery  
  44  12:56  Drone  
  44  12:57  Drone x7  
  44  12:58  Drone x4  
  52  13:18  Extractor  
  51  13:26  Corruptor  
  51  13:27  Corruptor x3  
  58  13:43  Overlord x6  
  58  13:54  Corruptor  
  58  13:55  Corruptor  
  48  14:04  Corruptor  
  43  14:11  Zergling x8  
  47  14:34  Drone x3  
  47  14:35  Drone x3  
  53  14:46  Baneling x8  
  53  14:50  Drone  
  53  14:51  Drone x5  
  59  15:11  Corruptor  
  59  15:12  Corruptor x3  
  67  15:33  Corruptor x5  
  37  16:00  Overlord x2  
  37  16:01  Overlord x3  
  27  16:46  Drone  
  27  16:47  Drone x5  
  29  16:48  Drone x2  
  29  16:51  Drone x3  
  38  17:35  Zergling x2  
  38  17:36  Zergling x16  
  47  17:50  Spire  
  46  18:10  Zergling x12  
  43  18:59  Zergling x2  
  43  19:00  Zergling x16  
  52  19:13  Extractor  
  52  19:14  Hatchery, Queen  
  52  19:16  Extractor  
  51  19:23  Spore Crawler  
  50  19:24  Spore Crawler  
  50  19:26  Spore Crawler  
  48  19:43  Drone x8  
  48  19:44  Drone  
  40  20:29  Mutalisk  
  40  20:30  Mutalisk x9  
  40  20:35  Zerg Flyer Weapons Level 1  
  60  21:04  Mutalisk x5  
  70  21:39  Corruptor x4  
  56  22:12  Corruptor  
  56  22:13  Corruptor x6  
  62  22:23  Drone x2  
  64  22:37  Corruptor x2  
Tags
 
Add a new tag
Caveats
  • Supply blocks, unpowered buildings, or Contaminate may cause inaccurate times.
  • Supply counts are checked every 10 seconds.